 Dungeon Crawl Stone Soup version 0.24.0-123-gd5b16e6ec5 (webtiles) character file.

Game seed: 447451428378680044, levelgen mode: deterministic

14335 Elellon the Basher (level 12, -4/76 HPs)
             Began as a Gargoyle Fighter on Jan 20, 2020.
             Was a High Priest of Okawaru.
             Killed from afar by Jorgrun (34 damage)
             ... with an iron shot
             ... on level 12 of the Dungeon.
             The game lasted 00:22:59 (10034 turns).

Elellon the Basher (Gargoyle Fighter)              Turns: 10034, Time: 00:23:00

Health: -4/76      AC: 29    Str: 24    XL:     12   Next: 15%
Magic:  12/12      EV:  3    Int: 10    God:    Okawaru [*****.]
Gold:   559        SH: 11    Dex:  9    Spells: 11/11 levels left

rFire    + . .     SeeInvis .   C - +1 morningstar
rCold    + + .     Gourm    .   c - +0 shield
rNeg     + + .     Faith    .   n - +0 plate armour
rPois    ∞         Spirit   .   t - +2 helmet
rElec    +         Reflect  .   y - scarf {rC+ rF+}
rCorr    .         Harm     .   x - +0 pair of gloves
MR       .....                  F - +0 pair of boots
Stlth    ..........             m - amulet of regeneration
HPRegen  0.62/turn              w - ring of positive energy
MPRegen  0.13/turn              v - ring of protection from cold

@: grasped by roots, constricted
A: negative energy resistance 1, electricity resistance, unbreathing,
petrification resistance, rot immunity, AC +8
a: Heroism, Finesse, Renounce Religion


You were on level 12 of the Dungeon.
You worshipped Okawaru.
Okawaru was extremely pleased with you.
You were not hungry.

You visited 2 branches of the dungeon, and saw 13 of its levels.

You collected 812 gold pieces.
You spent 253 gold pieces at shops.

Inventory:

Hand Weapons
 C - a +1 morningstar (weapon)
Armour
 c - a +0 shield (worn)
 n - a +0 plate armour (worn)
 t - a +2 helmet (worn)
 x - a +0 pair of gloves (worn)
 y - a scarf of resistance (worn)
 F - a +0 pair of boots (worn)
Jewellery
 m - an amulet of regeneration (around neck)
 v - a ring of protection from cold (right hand)
 w - a ring of positive energy (left hand)
Wands
 B - a wand of enslavement (7)
 D - a wand of paralysis (8)
 H - a wand of acid (7)
 I - a wand of random effects (36)
Scrolls
 a - a scroll of torment {unknown}
 b - 3 scrolls of teleportation
 h - 2 scrolls of fear
 i - 9 scrolls of remove curse
 j - 6 scrolls of enchant armour
 l - 2 scrolls of immolation
 p - 3 scrolls of amnesia
 s - 4 scrolls of blinking
 u - 2 scrolls of enchant weapon
 M - a scroll of silence {unknown}
 O - 2 scrolls of identify
 P - a scroll of magic mapping
Potions
 d - 2 potions of might
 e - 3 potions of resistance
 g - 2 potions of lignification
 k - a potion of ambrosia {unknown}
 o - 3 potions of agility
 q - 2 potions of flight
 r - 3 potions of heal wounds
 z - a potion of degeneration {unknown}
 A - 2 potions of magic {unknown}
 E - 2 potions of cancellation
 G - a potion of brilliance {unknown}
 J - 2 potions of curing {unknown}
 K - 2 potions of mutation {unknown}
 L - a potion of invisibility {unknown}
Comestibles
 f - 16 rations
 N - 17 chunks of flesh


   Skills:
 + Level 9.5 Fighting
 * Level 13.2 Maces & Flails
 + Level 9.5 Armour
 + Level 9.4 Shields


You had 11 spell levels left.
You didn't know any spells.
Your spell library contained the following spells:

 Spells                   Type           Power        Failure   Level  Hunger
 Animate Skeleton         Necr           N/A          100%        1    ##.....
 Apportation              Tloc           #.....       100%        1    ##.....
 Confusing Touch          Hex            #.....       100%        1    ##.....
 Magic Dart               Conj           #...         100%        1    ##.....
 Shock                    Conj/Air       #...         100%        1    ##.....
 Summon Small Mammal      Summ           #...         100%        1    ##.....
 Blink                    Tloc           N/A          100%        2    ###....
 Call Imp                 Summ           #.......     100%        2    ###....
 Slow                     Hex            #.......     100%        2    ###....
 Swiftness                Chrm/Air       #.......     100%        2    ###....
 Conjure Flame            Conj/Fire      #.......     100%        3    ####...
 Mephitic Cloud           Conj/Pois/Air  #.......     100%        3    ####...
 Static Discharge         Conj/Air       #.......     100%        3    ####...
 Airstrike                Air            #.........   100%        4    #####..
 Lightning Bolt           Conj/Air       #.........   100%        5    ######.


Dungeon Overview and Level Annotations

Branches:
Dungeon (12/15)            Temple (1/1) D:6            Lair (0/6) D:9
    Orc (0/2) D:9

Altars:
Ashenzari
Cheibriados
Dithmenos
Elyvilon
Fedhas
Gozag
Hepliaklqana
Kikubaaqudgha
Makhleb
Nemelex Xobeh
Okawaru
Qazlal
Ru
Sif Muna
Trog
Uskayaw
Vehumet
Wu Jian
Xom
Yredelemnul
Zin
The Shining One

Shops:
D:6 :   D:9 !   D:11 (?*

Annotations:
D:12 Jorgrun


Innate Abilities, Weirdness & Mutations

You are resistant to torment.
Your stone body is resilient. (AC +8)
You are immune to poison.
You resist negative energy. (rN+)
You are resistant to electric shocks. (rElec)
You can survive without breathing.
You are immune to petrification.
You are immune to rotting.


Message History

Your shield and plate armour prevent you from hitting Jorgrun.
Jorgrun is moderately wounded.
Jorgrun hits you but does no damage. The grasping roots constrict you.
The scorpion stings you but does no damage.
You barely miss Jorgrun.
Jorgrun is moderately wounded.
You closely miss Jorgrun.
Jorgrun is moderately wounded.
The scorpion stings you but does no damage.
Jorgrun hits you but does no damage. The grasping roots constrict you!
You thump Jorgrun!
Jorgrun is moderately wounded.
You block the scorpion's attack. Jorgrun hits you but does no damage.
The grasping roots constrict you!
You barely miss Jorgrun.
Jorgrun is moderately wounded.
You block the scorpion's attack.
Jorgrun points at you and mumbles some strange words.
The iron shot hits you!!
You die...

###########
#.[...#...# #########
###.###.# #........
#.....#.######........
#.###.#.'....#........
#
#...#...####.#s.......
#.###.###.#
#.@g.......
#.....#...#
###........
####..##### #######'#
##.########
#[........#
#.........#
#.........#
#.........+
#.........#


You could see Jorgrun and a scorpion.

Vanquished Creatures
  2 two-headed ogres
  A centaur warrior (D:11)
  2 unseen horrors (D:10)
  An ugly thing (D:12)
  A cyclops (D:11)
  A centaur zombie (D:10)
  A gargoyle (D:12)
  2 trolls
  2 hippogriffs
  Prince Ribbit (D:6)
  A wraith (D:11)
  2 wyverns
  9 yaks
  A spriggan (D:10)
  A warg (D:9)
  A water moccasin (D:11)
  5 sky beasts
  An ice beast (D:7)
  6 orc warriors
  5 ogres
  An eye of draining (D:9)
  3 phantoms (D:9)
  4 centaurs
  A crocodile (D:8)
  2 big kobolds (D:9)
  6 bullfrogs
  3 gnoll sergeants (D:5)
  A wyvern zombie (D:8)
  A water moccasin zombie (D:8)
  9 scorpions
  20 killer bees
  7 wights
  A howler monkey (D:8)
  2 jellies
  5 crimson imps
  9 hounds
  5 orc priests
  6 bullfrog skeletons
  3 gnoll shamans
  7 orc wizards
  4 centaur skeletons
  7 iguanas
  3 worker ants
  2 killer bee zombies
  A hound zombie (D:6)
  5 hound skeletons
  A howler monkey zombie (D:11)
  2 worker ant zombies
  36 gnolls
  8 adders
  2 oozes
  2 adder zombies
  2 adder skeletons
  3 worms (D:2)
  2 dart slugs
  5 leopard geckos
  37 orcs
  6 giant cockroaches
  6 goblins
  7 hobgoblins
  11 jackals
  4 quokkas
  5 ball pythons
  10 bats
  8 frilled lizards
  14 kobolds
  8 rats
343 creatures vanquished.

Vanquished Creatures (others)
  A plant (D:9)
1 creature vanquished.

Grand Total: 344 creatures vanquished

Notes
Turn   | Place    | Note
-------+----------+-------------------------------------------
     0 | D:1      | Elellon the Gargoyle Fighter began the quest for the Orb.
     0 | D:1      | Reached XP level 1. HP: 14/14 MP: 1/1
   321 | D:1      | Reached XP level 2. HP: 17/19 MP: 2/2
   548 | D:1      | Reached skill level 3 in Maces & Flails
   682 | D:1      | Reached XP level 3. HP: 19/23 MP: 3/3
  1083 | D:2      | Reached skill level 4 in Maces & Flails
  1101 | D:2      | Found a burning altar of Makhleb.
  1102 | D:2      | Found a hide-covered altar of Uskayaw.
  1105 | D:2      | Found a hazy altar of Hepliaklqana.
  1105 | D:2      | Found a stormy altar of Qazlal.
  1111 | D:2      | Found a bloodstained altar of Trog.
  1294 | D:2      | Reached XP level 4. HP: 25/28 MP: 4/4
  2005 | D:3      | Reached skill level 5 in Maces & Flails
  2020 | D:3      | Reached XP level 5. HP: 32/32 MP: 5/5
  2143 | D:3      | Found an ornate altar of the Wu Jian Council.
  2683 | D:4      | Reached skill level 6 in Maces & Flails
  2685 | D:4      | Reached XP level 6. HP: 36/37 MP: 6/6
  3046 | D:4      | Found a glowing golden altar of the Shining One.
  3157 | D:4      | Found a basalt altar of Yredelemnul.
  3311 | D:5      | Entered Level 5 of the Dungeon
  3321 | D:4      | Reached skill level 7 in Maces & Flails
  3399 | D:5      | Reached XP level 7. HP: 33/41 MP: 7/7
  3948 | D:5      | Reached skill level 8 in Maces & Flails
  4066 | D:5      | Reached XP level 8. HP: 39/48 MP: 8/8
  4394 | D:6      | Noticed Prince Ribbit
  4414 | D:6      | Killed Prince Ribbit
  4422 | D:6      | Reached skill level 9 in Maces & Flails
  4555 | D:6      | Found Odufet's Book Boutique.
  4569 | D:6      | Reached skill level 5 in Fighting
  4569 | D:6      | Reached skill level 5 in Armour
  4569 | D:6      | Reached skill level 5 in Shields
  4669 | D:6      | Found a staircase to the Ecumenical Temple.
  4679 | D:6      | Reached XP level 9. HP: 54/54 MP: 9/9
  4685 | Temple   | Entered the Ecumenical Temple
  4746 | Temple   | Became a worshipper of Warmaster Okawaru
  4967 | D:6      | Found a blossoming altar of Fedhas.
  5050 | D:7      | Noticed a two-headed ogre
  5137 | D:7      | Killed a two-headed ogre
  5137 | D:7      | Reached * piety under Okawaru
  5137 | D:7      | Reached skill level 10 in Maces & Flails
  5384 | D:7      | Reached ** piety under Okawaru
  5813 | D:7      | Reached XP level 10. HP: 61/61 MP: 10/10
  5883 | D:7      | Found the +7 Singing Sword {slice, sonic wave}
  6431 | D:8      | Reached *** piety under Okawaru
  6458 | D:8      | Reached skill level 11 in Maces & Flails
  6807 | D:9      | Noticed a two-headed ogre
  6816 | D:9      | Killed a two-headed ogre
  7184 | D:9      | Found Lyrixa's Distillery.
  7191 | D:9      | Bought a potion of heal wounds for 60 gold pieces
  7191 | D:9      | Bought a potion of heal wounds for 60 gold pieces
  7213 | D:9      | Reached **** piety under Okawaru
  7328 | D:9      | Found a staircase to the Lair.
  7366 | D:9      | Reached XP level 11. HP: 68/68 MP: 11/11
  7666 | D:9      | Reached skill level 12 in Maces & Flails
  7727 | D:9      | Found a staircase to the Orcish Mines.
  7804 | D:10     | Entered Level 10 of the Dungeon
  8276 | D:10     | Killed an unseen horror
  8304 | D:10     | Killed an unseen horror
  8304 | D:10     | Reached ***** piety under Okawaru
  9029 | D:11     | Noticed a cyclops
  9041 | D:11     | Killed a cyclops
  9498 | D:11     | Found Ciuf's General Store.
  9555 | D:11     | Found Wiabol's Magic Scroll Shoppe.
  9571 | D:11     | Bought a scroll of identify for 28 gold pieces
  9571 | D:11     | Bought a scroll of magic mapping for 49 gold pieces
  9571 | D:11     | Bought a scroll of identify for 28 gold pieces
  9571 | D:11     | Bought a scroll of identify for 28 gold pieces
  9585 | D:11     | Found Xote's Antique Weapon Shop.
  9663 | D:11     | Noticed a centaur warrior
  9681 | D:11     | Killed a centaur warrior
  9691 | D:11     | Reached skill level 13 in Maces & Flails
  9738 | D:12     | Reached XP level 12. HP: 59/76 MP: 12/12
 10014 | D:12     | Noticed Jorgrun
 10034 | D:12     | Killed from afar by Jorgrun

Levels and vault maps discovered:
D:1:      minmay_arrival_plants_in_alcoves, layout_basic,
          corexii_leaking_fountain, ebering_dispersal_statue_hall,
          minmay_misc_feat_plants, minmay_misc_feat_rows, st_stairs_7,
          minmay_vboxes
D:2:      layout_basic, overflow_temple_1_default, grunt_temple_overflow_open,
          first_ration, grunt_ministairs_11
D:3:      layout_basic, lemuel_crystal_altar, minmay_between
D:4:      minmay_recursive_quarters, layout_rooms, lemuel_round_altar,
          lemuel_crystal_altar
D:5:      layout_cave_pools, serial_gnoll_camp, gnoll_camp_mini_loothouse,
          gnoll_camp_mini_sergeant, gnoll_camp_mini_doghouse,
          gnoll_camp_huts_basic, gnoll_camp_mini_hut, gnoll_camp_mini_hut,
          kennysheep_minor_cross
D:6:      layout_rooms, lemuel_coloured_pillars_altar,
          minmay_temple_entry_overgrown, serial_shops, shop,
          lemuel_another_geyser, uniq_prince_ribbit1
D:7:      layout_basic
D:8:      layout_basic
D:9:      layout_roguey, erik_lair_orcish_takeover, david_orc_4, serial_shops,
          shop
D:10:     layout_irregular_city, the_bakery, small_statue_intersection
D:11:     layout_loops_cross, serial_shops, nicolae_shop_trees,
          nicolae_shop_crystal, nicolae_shop_statue_plus
D:12:     layout_roguey, serial_shops, shop, lightli_airlock, uniq_sonja,
          uniq_maurice, uniq_jorgrun
Temple:   nicolae_temple_god_jail

Skill      XL: |  1  2  3  4  5  6  7  8  9 10 11 |
---------------+----------------------------------+-----
Maces & Flails | 3 4 5 6 7 8 9 10 11 13 | 13.2
Fighting       | 4 5 6 7 9 |  9.5
Armour         | 4 5 6 7 9 |  9.5
Shields        | 4 5 6 7 9 |  9.4

Action                   |  1- 3 |  4- 6 |  7- 9 | 10-12 || total
-------------------------+-------+-------+-------+-------++-------
Melee: Flail             |   184 |   256 |    20 |       ||   460
       Morningstar       |       |       |   422 |   955 ||  1377
Invok: Heroism           |       |       |       |     4 ||     4
  Use: Scroll            |       |     4 |       |    14 ||    18
       Potion            |       |       |       |     1 ||     1
  Eat: Chunk             |     2 |     7 |     9 |    15 ||    33
Armor: Scale mail        |    41 |       |       |       ||    41
       Plate armour      |   109 |   211 |   395 |   781 ||  1496
Dodge: Dodged            |    35 |    27 |   109 |   165 ||   336
Block: Shield            |   104 |   115 |   286 |   558 ||  1063
